 Dungeon Sprint DCSS version 0.24-a0-420-g24607be9ce (webtiles) character file.

Game seed: 16109265369327660731

69533 wilfster70 the Conqueror (level 14, -28/252 HPs)
             Began as a Minotaur Fighter on June 11, 2019.
             Was an Initiate of Gozag.
             Killed from afar by Cerebov (39 damage)
             ... with a great blast of fire
             ... in the Dungeon (Sprint IX: "|||||||||||||||||||||||||||||").
             The game lasted 00:17:32 (4928 turns).

wilfster70 the Conqueror (Minotaur Fighter)         Turns: 4928, Time: 00:17:33

Health: -28/252    AC: 36    Str: 25    XL:     14   Next: 90%
Magic:  17/17      EV: 20    Int:  9    God:    Gozag
Gold:   2540       SH: 14    Dex: 10    Spells: 31/31 levels left

rFire    . . .     SeeInvis .   a - +7 broad axe (chop)
rCold    . . .     Gourm    .   c - +0 shield
rNeg     + + +     Faith    .   y - +9 plate armour of the Exiled Orbs {rPois rC- MR+++ MP-9}
rPois    +         Spirit   .   (helmet restricted)
rElec    +         Reflect  .   p - +1 cloak of Starlight {rElec rC+ EV+4 Stlth--}
rCorr    .         Harm     .   D - +0 pair of gloves
MR       +++++     NoTele   +   t - +0 pair of boots
Stlth    ..........             (no amulet)
HPRegen  0.52/turn              r - +2 ring of protection
MPRegen  0.15/turn              I - ring "Alal" {+Fly rN+++ MR+ Str-2 Slay+3}

@: berserking (expiring), gold aura, very quick
A: retaliatory headbutt, horns 2
a: Potion Petition, Call Merchant, Bribe Branch, Renounce Religion, Evoke Flight


You were in the Dungeon.
You worshipped Gozag.
Gozag was most pleased with you.
You were not hungry.

You visited 1 branch You collected 14704 gold pieces.
You spent 5091 gold pieces at shops.
You paid 7073 gold pieces to Gozag.

Inventory:

Hand Weapons
 a - a +7 broad axe of chopping (weapon)
 b - a +2 morningstar of crushing
Armour
 c - a +0 shield (worn)
 p - the +1 cloak of Starlight (worn) {rElec rC+ EV+4 Stlth--}
   (You bought it in a shop in the Dungeon)

   It affects your evasion (+4).
   It protects you from cold.
   It insulates you from electricity.
   It makes you much less stealthy.
 t - a +0 pair of boots (worn)
 y - the +9 plate armour of the Exiled Orbs (worn) {rPois rC- MR+++ MP-9}
   (You bought it in a shop in the Dungeon)

   It makes you vulnerable to cold.
   It protects you from poison.
   It affects your resistance to hostile enchantments.
   It affects your magic capacity (-9).
 C - the +1 plate armour of Limited Liability {-Cast +Fly rN+++ Slay+2}
   (You bought it in a shop in the Dungeon)

   It affects your accuracy and damage with ranged weapons and melee attacks
   (+2).
   It renders you almost immune to negative energy.
   It lets you fly.
   It prevents spellcasting.
 D - a +0 pair of gloves (worn)
Jewellery
 q - an uncursed ring of protection from cold
 r - a +2 ring of protection (left hand)
 u - an uncursed ring of flight
 F - an uncursed ring of protection from magic
 I - the ring "Alal" (right hand) {+Fly rN+++ MR+ Str-2 Slay+3}
   (You bought it in a shop in the Dungeon)

   [ring of flight]

   It affects your strength (-2).
   It affects your accuracy and damage with ranged weapons and melee attacks
   (+3).
   It renders you almost immune to negative energy.
   It affects your resistance to hostile enchantments.
   It lets you fly.
Wands
 l - a wand of iceblast (10)
Scrolls
 k - 3 scrolls of blinking
 n - a scroll of remove curse
 o - 2 scrolls of amnesia
 z - a scroll of fog
 A - 2 scrolls of identify
 B - 2 scrolls of fear
Potions
 d - 2 potions of might
 e - 3 potions of curing
 g - 7 potions of heal wounds
 h - a potion of haste
 i - 4 potions of magic
 j - a potion of berserk rage
 m - a potion of invisibility
 v - a potion of brilliance
 w - a potion of mutation
 x - 3 potions of resistance
 H - 2 potions of agility
Comestibles
 f - 18 rations


   Skills:
 O Level 27 Fighting
 - Level 18.0 Axes
 - Level 20.0 Armour
 - Level 20.1 Dodging
 - Level 15.0 Shields
 + Level 9.4 Spellcasting


You had 31 spell levels left.
You didn't know any spells.
Your spell library was empty.

Dungeon Overview and Level Annotations

Branches:
Dungeon (1/1)

Altars:
Cheibriados
Dithmenos
Elyvilon
Fedhas
Gozag
Hepliaklqana
Kikubaaqudgha
Makhleb
Nemelex Xobeh
Okawaru
Qazlal
Ru
Sif Muna
Trog
Uskayaw
Vehumet
Wu Jian
Xom
Yredelemnul
Zin
The Shining One
Beogh
Jiyva
Lugonu

Shops:
D [=(([[([

Annotations:
D Cerebov


Innate Abilities, Weirdness & Mutations

You reflexively headbutt those who attack you in melee.
You have a pair of horns on your head.


Message History

[b] - 399 gold - might, agility, flight and invisibility [c] - 286 gold - heal wounds, berserk rage and curing Purchase which effect?
You feel much better.
A red film seems to cover your vision as you go berserk!
You feel yourself moving faster!
You feel mighty!
You feel better.
Cerebov hits you with the +6 sword of Cerebov {flame}!!!
* * * LOW HITPOINT WARNING * * *
Cerebov burns you!!
* * * LOW HITPOINT WARNING * * *
You are too berserk!
You feel a strong urge to attack something.
Cerebov gestures.
Things that are here:
45 gold pieces; a +0 dire flail; a +0 ring mail You feel less vulnerable to fire.
Cerebov gestures at you.
A raging storm of fire appears!
The great blast of fire engulfs you!!!
You die...
Your body crumbles into a pile of gold.

▓(▓.▓.▓.▓'▓.▓)▓)▓.
▓$▓.▓.▓.▓)▓(▓)▓.▓.
$
▓$▓.▓.▓.▓)▓.▓)▓.▓.
▓$▓.♣'♣.▓.▓.▓)▓.▓.
▓$▓.♣)♣.▓.▓.▓∩▓.▓.
▓.▓.♣.♣.▓[▓.▓[▓.▓.
▓$▓.♣)♣)▓.▓.▓∩▓.▓∩
▓$▓.♣.♣.▓(▓.▓[▓.▓.
▓@▓.♣)♣.▓.▓.▓∩▓.▓.
$
▓$▓.♣)♣.▓(▓.▓)▓.▓.
▓$▓.♣.♣.▓)▓.▓∩▓.▓)
▓&▓.♣.♣.▓.▓.▓.▓.▓[
▓.▓.♣.♣.▓.▓.▓∩▓.▓'
▓1▓.▓'▓.▓.▓.▓.▓.▓[
▓.▓.▓.▓.▓.▓.▓.▓.▓.
▓.▓.▓.▓.▓.▓.▓.▓.▓[
▓+▓.▓.▓.▓'▓.▓'▓.▓[


You could see Cerebov and an Ice Fiend.

Vanquished Creatures
  A lich (D)
  Frances (D)
  A sphinx (D)
  Agnes (D)
  A tengu reaver (D)
  A fire giant (D)
  A nagaraja (D)
  An emperor scorpion (D)
  2 vault wardens (D)
  A frost giant (D)
  2 very ugly things (D)
  An ironheart preserver (D)
  2 stone giants (D)
  A vampire knight (D)
  A spark wasp (D)
  A dire elephant (D)
  2 ettins (D)
  A merfolk impaler (D)
  A fire dragon (D)
  2 yaktaur captains (D)
  An ice dragon (D)
  2 rakshasas (D)
  A great orb of eyes (D)
  A hydra (D)
  A vault guard (D)
  2 centaur warriors (D)
  A merfolk avatar (D)
  An ogre mage (D)
  A deep troll shaman (D)
  2 alligators (D)
  Urug (D)
  A deep troll earth mage (D)
  A naga sharpshooter (D)
  2 shock serpents (D)
  A tengu warrior (D)
  A spriggan berserker (D)
  10 orc high priests (D)
  Sonja (D)
  3 spriggans (D)
  A sea snake (D)
  A shadow wraith (D)
  A deep troll (D)
  A wizard (D)
  A swamp dragon (D)
  2 ironbrand convokers (D)
  A spriggan druid (D)
  An orb spider (D)
  2 ugly things (D)
  4 orc knights (D)
  A manticore (shapeshifter) (D)
  A cyclops (D)
  7 elephants (D)
  5 black mambas (D)
  A vault sentinel (D)
  A water nymph (D)
  A komodo dragon (D)
  7 spiny frogs (D)
  A freezing wraith (D)
  A kobold demonologist (D)
  2 demonic crawlers (D)
  2 yaktaurs (D)
  2 tengu conjurers (D)
  3 jumping spiders (D)
  3 merfolk (D)
  4 hornets (D)
  A bog body (D)
  4 slime creatures (D)
  2 snapping turtles (D)
  A redback (D)
  A yak (D)
  A basilisk (D)
  A warg (shapeshifter) (D)
  A soldier ant (shapeshifter) (D)
  A naga (D)
  An acid dragon (D)
  2 water moccasins (D)
  2 porcupines (D)
  9 orc warriors (D)
  A centaur (D)
  5 bullfrogs (D)
  A howler monkey (D)
  A crimson imp (D)
  4 orc wizards (D)
  10 orc priests (D)
  3 worker ants (D)
  2 adders (D)
  2 shadow imps (D)
  An adder skeleton (D)
  5 orcs (D)
  A bat skeleton (D)
  A hobgoblin (D)
  A quokka (D)
  A bat (D)
  3 rats (D)
185 creatures vanquished.

Notes
Turn   | Place    | Note
-------+----------+-------------------------------------------
     0 | D        | wilfster70 the Minotaur Fighter began the quest for the
                  | Orb.
     0 | D        | Reached XP level 1. HP: 19/19 MP: 0/0
    20 | D        | Reached skill level 4 in Fighting
   149 | D        | Noticed a worker ant
   149 | D        | Noticed a centaur
   152 | D        | Killed a worker ant
   152 | D        | Reached skill level 1 in Dodging
   152 | D        | Reached XP level 2. HP: 28/28 MP: 1/1
   153 | D        | Reached skill level 5 in Axes
   153 | D        | Reached XP level 3. HP: 34/34 MP: 2/2
   164 | D        | Killed a centaur
   164 | D        | Reached skill level 5 in Fighting
   164 | D        | Reached skill level 5 in Armour
   164 | D        | Reached skill level 5 in Shields
   164 | D        | Reached XP level 4. HP: 40/44 MP: 3/3
   188 | D        | Found a roughly hewn altar of Beogh.
   188 | D        | Found a snail-covered altar of Cheibriados.
   188 | D        | Found a shadowy altar of Dithmenos.
   188 | D        | Found a white marble altar of Elyvilon.
   188 | D        | Found a blossoming altar of Fedhas.
   188 | D        | Found an opulent altar of Gozag.
   189 | D        | Found a hazy altar of Hepliaklqana.
   190 | D        | Found a viscous altar of Jiyva.
   191 | D        | Found an ancient bone altar of Kikubaaqudgha.
   192 | D        | Found a corrupted altar of Lugonu.
   193 | D        | Found a burning altar of Makhleb.
   194 | D        | Found a sparkling altar of Nemelex Xobeh.
   195 | D        | Found an iron altar of Okawaru.
   196 | D        | Became a worshipper of Gozag Ym Sagoz the Greedy
   197 | D        | Found a stormy altar of Qazlal.
   198 | D        | Found a sacrificial altar of Ru.
   199 | D        | Found a deep blue altar of Sif Muna.
   200 | D        | Found a bloodstained altar of Trog.
   201 | D        | Found a hide-covered altar of Uskayaw.
   202 | D        | Found a radiant altar of Vehumet.
   203 | D        | Found an ornate altar of the Wu Jian Council.
   204 | D        | Found a shimmering altar of Xom.
   205 | D        | Found a basalt altar of Yredelemnul.
   206 | D        | Found a glowing silver altar of Zin.
   207 | D        | Found a glowing golden altar of the Shining One.
   273 | D        | Noticed a hornet
   279 | D        | Reached skill level 6 in Fighting
   279 | D        | Reached XP level 5. HP: 50/50 MP: 4/4
   289 | D        | Killed a hornet
   289 | D        | Reached skill level 7 in Fighting
   289 | D        | Reached skill level 5 in Dodging
   289 | D        | Reached XP level 6. HP: 52/60 MP: 5/5
   382 | D        | Noticed a kobold demonologist
   382 | D        | Noticed a cyan ugly thing
   382 | D        | Noticed a centaur warrior
   397 | D        | Killed a cyan ugly thing
   397 | D        | Reached skill level 9 in Fighting
   397 | D        | Reached XP level 7. HP: 65/70 MP: 6/6
   401 | D        | Killed a kobold demonologist
   408 | D        | Killed a centaur warrior
   408 | D        | Reached skill level 10 in Fighting
   408 | D        | Reached skill level 10 in Armour
   408 | D        | Reached skill level 10 in Shields
   408 | D        | Reached XP level 8. HP: 66/79 MP: 7/7
   663 | D        | Noticed a spiny frog
   663 | D        | Noticed an eight-headed hydra
   668 | D        | Noticed a spiny frog
   670 | D        | Killed an eight-headed hydra
   670 | D        | Reached skill level 11 in Fighting
   670 | D        | Reached XP level 9. HP: 38/89 MP: 8/8
   672 | D        | Killed a spiny frog
  1019 | D        | Killed a spiny frog
  1019 | D        | Reached skill level 15 in Axes
  1022 | D        | Reached skill level 10 in Dodging
  1058 | D        | Noticed a spiny frog
  1058 | D        | Noticed a spiny frog
  1058 | D        | Noticed a komodo dragon
  1058 | D        | Noticed a spiny frog
  1058 | D        | Noticed a black mamba
  1060 | D        | Killed a spiny frog
  1063 | D        | Noticed a spiny frog
  1064 | D        | Killed a spiny frog
  1064 | D        | Reached skill level 12 in Fighting
  1064 | D        | Reached XP level 10. HP: 97/97 MP: 9/9
  1074 | D        | Killed a spiny frog
  1077 | D        | Killed a black mamba
  1082 | D        | Killed a spiny frog
  1171 | D        | Noticed an elephant
  1171 | D        | Noticed an elephant
  1171 | D        | Noticed a dire elephant
  1171 | D        | Noticed an elephant
  1171 | D        | Noticed an elephant
  1171 | D        | Noticed an elephant
  1175 | D        | Killed an elephant
  1180 | D        | Noticed an elephant
  1183 | D        | Killed a dire elephant
  1183 | D        | Reached skill level 13 in Fighting
  1188 | D        | Killed an elephant
  1194 | D        | Killed an elephant
  1198 | D        | Killed an elephant
  1203 | D        | Killed an elephant
  1203 | D        | Reached XP level 11. HP: 59/107 MP: 10/10
  1256 | D        | Bought a citrine-encrusted plate armour for 728 gold pieces
  1266 | D        | Identified the +9 plate armour of the Exiled Orbs {rPois
                  | rC- MR+++ MP-9} (You bought it in a shop in the Dungeon)
  1268 | D        | Bought a scorched plate armour for 728 gold pieces
  1268 | D        | Bought a faintly humming cloak for 247 gold pieces
  1278 | D        | Identified the cursed -2 cloak of Card Tricks {rF+ Stlth+}
                  | (You bought it in a shop in the Dungeon)
  1288 | D        | Identified the cursed +1 plate armour of Limited Liability
                  | {-Cast +Fly rN+++ Slay+2} (You bought it in a shop in the
                  | Dungeon)
  1427 | D        | Noticed Sonja
  1445 | D        | Killed Sonja
  1596 | D        | Noticed an orc knight
  1612 | D        | Killed an orc knight
  1612 | D        | Reached skill level 14 in Fighting
  1720 | D        | Noticed an orc high priest
  1734 | D        | Killed an orc high priest
  1734 | D        | Noticed an orc knight
  1745 | D        | Killed an orc knight
  2049 | D        | Found Reotegg's Weapon Emporium.
  2049 | D        | Noticed an orc high priest
  2049 | D        | Noticed an orc high priest
  2049 | D        | Noticed an orc high priest
  2054 | D        | Noticed an orc high priest
  2059 | D        | Found Xupa's Armour Shoppe.
  2059 | D        | Noticed an orc high priest
  2062 | D        | Killed an orc high priest
  2068 | D        | Killed an orc high priest
  2068 | D        | Reached skill level 15 in Fighting
  2069 | D        | Noticed a soul eater
  2069 | D        | Found Recut's Food Emporium.
  2072 | D        | Reached skill level 15 in Armour
  2073 | D        | Noticed an orc high priest
  2076 | D        | Found Koiman's Armour Shoppe.
  2076 | D        | Noticed an orc high priest
  2081 | D        | Noticed a sun demon
  2081 | D        | Killed an orc high priest
  2081 | D        | Reached skill level 15 in Shields
  2085 | D        | Killed an orc high priest
  2087 | D        | Noticed an orc high priest
  2089 | D        | Killed an orc high priest
  2094 | D        | Killed an orc high priest
  2095 | D        | Noticed an orc high priest
  2097 | D        | Killed an orc high priest
  2097 | D        | Reached skill level 16 in Fighting
  2097 | D        | Reached XP level 12. HP: 59/122 MP: 11/11
  2103 | D        | Killed an orc high priest
  2107 | D        | Killed an orc high priest
  2367 | D        | Bought a ration for 65 gold pieces
  2367 | D        | Bought a ration for 65 gold pieces
  2367 | D        | Bought a ration for 65 gold pieces
  2367 | D        | Bought a ration for 65 gold pieces
  2367 | D        | Bought a ration for 65 gold pieces
  2367 | D        | Bought a ration for 65 gold pieces
  2367 | D        | Bought a ration for 65 gold pieces
  2367 | D        | Bought a ration for 65 gold pieces
  2367 | D        | Bought a ration for 65 gold pieces
  2367 | D        | Bought a ration for 65 gold pieces
  2367 | D        | Bought a ration for 65 gold pieces
  2409 | D        | Noticed Urug
  2417 | D        | Killed Urug
  2528 | D        | Got the cursed +0 cloak "Qeritter" {Int+4 Dex+6}
  2579 | D        | Noticed a centaur warrior
  2579 | D        | Noticed a tengu warrior
  2582 | D        | Killed a centaur warrior
  2586 | D        | Reached skill level 17 in Fighting
  2586 | D        | Reached skill level 15 in Dodging
  2594 | D        | Killed a tengu warrior
  2607 | D        | Noticed an ettin
  2609 | D        | Noticed a stone giant
  2612 | D        | Noticed an ettin
  2617 | D        | Noticed a sphinx
  2623 | D        | Killed a stone giant
  2630 | D        | Killed an ettin
  2630 | D        | Reached skill level 18 in Fighting
  2633 | D        | Killed an ettin
  2641 | D        | Killed a sphinx
  3008 | D        | Noticed Agnes
  3017 | D        | Killed Agnes
  3017 | D        | Reached skill level 19 in Fighting
  3174 | D        | Noticed an emperor scorpion
  3174 | D        | Noticed a spark wasp
  3190 | D        | Killed an emperor scorpion
  3190 | D        | Reached XP level 13. HP: 60/139 MP: 12/12
  3195 | D        | Reached skill level 20 in Fighting
  3200 | D        | Killed a spark wasp
  3242 | D        | Bought the ring "Alal" {+Fly rN+++ MR+ Str-2 Slay+3} for
                  | 1071 gold pieces
  3549 | D        | Noticed a merfolk impaler
  3579 | D        | Killed a merfolk impaler
  3579 | D        | Reached skill level 21 in Fighting
  3688 | D        | Noticed a nagaraja
  3702 | D        | Killed a nagaraja
  3711 | D        | Reached skill level 22 in Fighting
  4179 | D        | Bought the +1 cloak of Starlight {rElec rC+ EV+4 Stlth--}
                  | for 1602 gold pieces
  4179 | D        | Found the +1 cloak of Starlight {rElec rC+ EV+4 Stlth--}
  4200 | D        | Noticed Frances
  4210 | D        | Killed Frances
  4210 | D        | Reached skill level 23 in Fighting
  4247 | D        | Noticed a stone giant
  4251 | D        | Noticed a tengu reaver
  4261 | D        | Noticed a purple very ugly thing
  4266 | D        | Killed a stone giant
  4266 | D        | Reached XP level 14. HP: 152/158 MP: 4/13
  4271 | D        | Killed a tengu reaver
  4271 | D        | Reached skill level 24 in Fighting
  4276 | D        | Noticed a frost giant
  4279 | D        | Noticed a white very ugly thing
  4283 | D        | Killed a purple very ugly thing
  4299 | D        | Noticed a vampire knight
  4305 | D        | Reached skill level 1 in Spellcasting
  4311 | D        | Killed a frost giant
  4317 | D        | Killed a white very ugly thing
  4328 | D        | Reached skill level 25 in Fighting
  4357 | D        | Killed a vampire knight
  4706 | D        | Noticed a fire giant
  4719 | D        | Killed a fire giant
  4810 | D        | Noticed a vault warden
  4827 | D        | Noticed an ironheart preserver
  4828 | D        | Killed a vault warden
  4828 | D        | Reached skill level 26 in Fighting
  4828 | D        | Reached skill level 5 in Spellcasting
  4845 | D        | Killed an ironheart preserver
  4863 | D        | Noticed a vault warden
  4874 | D        | Reached skill level 27 in Fighting
  4882 | D        | Killed a vault warden
  4898 | D        | Noticed a lich
  4898 | D        | Identified the +6 sword of Cerebov {flame}
  4898 | D        | Noticed Cerebov
  4902 | D        | Killed a lich
  4926 | D        | HP: 11/252 [Cerebov/the +6 sword of Cerebov {flame} (21)]
  4928 | D        | Noticed an Ice Fiend
  4928 | D        | Killed from afar by Cerebov

Levels and vault maps discovered:
D:        linesprint [early_d, line_temple, items_1, d_10, items_2, lair_1,
          lair_end, items_3, orc_1, orc_end, items_4, d_15, swamp_1, shoals_1,
          snake_1, spider_1, d_20, vaults_1, items_5, swamp_end, shoals_end,
          snake_end, spider_end, vaults_end, d_27, items_6, zot_1, zot_end,
          crypt_end, forest_end, elf_end, slime_end, tomb_end, abyss_end,
          pan_hell_end]

Skill      XL: |  1  2  3  4  5  6  7  8  9 10 11 12 13 14 |
---------------+-------------------------------------------+-----
Axes           | 4 5 7 9 11 13 14 15 17 18 | 18.0
Fighting       | 4 5 6 7 9 10 11 12 13 16 19 23 27 | 27.0
Armour         | 4 5 6 7 9 10 11 12 13 16 18 20 | 20.0
Shields        | 4 5 6 7 8 10 11 13 15 | 15.0
Dodging        | 1 3 4 5 7 8 9 10 11 14 16 18 20 | 20.1
Spellcasting   | 9 |  9.4

Action                   |  1- 3 |  4- 6 |  7- 9 | 10-12 | 13-15 || total
-------------------------+-------+-------+-------+-------+-------++-------
Melee: War axe           |    30 |       |       |       |       ||    30
       Headbutt          |     4 |     7 |     8 |    59 |    79 ||   157
       Broad axe         |       |    34 |    44 |   251 |   309 ||   638
       Morningstar       |       |       |     4 |       |       ||     4
Invok: Potion Petition   |       |     1 |     1 |     1 |     3 ||     6
       Call Merchant     |       |       |       |     3 |     2 ||     5
  Use: Scroll            |       |       |     4 |     3 |     1 ||     8
       Potion            |       |       |     1 |       |     1 ||     2
 Stab: Invisible         |       |       |     3 |       |     2 ||     5
       Distracted        |       |       |     1 |     2 |     4 ||     7
       Confused          |       |       |       |       |     1 ||     1
  Eat: Ration            |       |       |     1 |     1 |     2 ||     4
Armor: Scale mail        |    15 |       |       |       |       ||    15
       Ring mail         |       |    11 |    12 |     7 |       ||    30
       Plate armour      |       |       |       |    35 |    67 ||   102
Dodge: Dodged            |     8 |     7 |    14 |    60 |    82 ||   171
Block: Shield            |    13 |    16 |    26 |   108 |   110 ||   273

Table legend:
 A = Non-vault XP
 B = Vault XP
 C = Vault XP percentage of total XP
 D = Non-vault monster count
 E = Vault monster count
 F = Vault count percentage of total count
                 A         B        C        D         E       F
            +---------+---------+-------+---------+---------+-------
      Total |     829 |   98504 |  99.2 |       3 |     182 |  98.4
            +---------+---------+-------+---------+---------+-------
          D |     829 |   98504 |  99.2 |       3 |     182 |  98.4
            +---------+---------+-------+---------+---------+-------
